 Dungeon Crawl Stone Soup version 0.17-a0-2158-g6d76252 (webtiles) character file.

86 Hedron the Magician (level 4, -3/33 HPs)
             Began as a Draconian Wizard on Oct 25, 2015.
             Killed from afar by Hanibal's ghost (8 damage)
             ... with a magic dart
             ... on level 3 of the Dungeon.
             The game lasted 00:13:28 (3213 turns).

Hedron the Magician (Draconian Wizard)              Turns: 3213, Time: 00:13:28

Health: -3/33      AC:  6    Str:  9    XL:     4   Next: 27%
Magic:  1/9        EV: 12    Int: 19    God:
Gold:   129        SH:  0    Dex: 15    Spells: 5 memorised, 0 levels left

rFire  . . .     SeeInvis .     j - +0 spear
rCold  . . .     Clarity  .     (armour unavailable)
rNeg   . . .     SustAt   .     (no shield)
rPois  .         Gourm    .     d - +1 hat
rElec  .         Spirit   .     (no cloak)
rCorr  .         Warding  .     (no gloves)
rMut   .         Stasis   .     (no boots)
MR     .....                    (no amulet)
Stlth  ++........               (no ring)
                                e - +5 ring of dexterity

@: very slightly contaminated, not resistant to hostile enchantments, unstealthy
A: unfitting armour, cold-blooded, AC +5
a: no special abilities


You were on level 3 of the Dungeon.
You were not hungry.

You visited 1 branch of the dungeon, and saw 3 of its levels.

You collected 129 gold pieces.

Inventory:

Hand Weapons
 j - a +0 spear (weapon)
Missiles
 o - 2 tomahawks of dispersal (quivered)
Armour
 d - a +1 hat (worn)
Jewellery
 e - a +5 ring of dexterity (left hand)
Wands
 n - a wand of confusion (25)
Scrolls
 l - 3 scrolls of recharging
 m - a scroll of fog
Potions
 i - 2 potions of might
Books
 b - a book of Minor Magic

   Spells                             Type                      Level
   a - Magic Dart                     Conjuration                  1
   b - Blink                          Translocation                2
   c - Call Imp                       Summoning                    2
   d - Repel Missiles                 Charms/Air                   2
   e - Slow                           Hexes                        2
   f - Conjure Flame                  Conjuration/Fire             3
   g - Mephitic Cloud                 Conjuration/Poison/Air       3
Comestibles
 a - 2 chunks of flesh
 c - 4 bread rations
 f - 2 beef jerkies
 g - 8 fruits
 k - a meat ration


   Skills:
 - Level 1.7 Dodging
 - Level 1.7 Stealth
 * Level 3.7 Spellcasting
 + Level 2.1 Conjurations
 + Level 1.3 Charms
 + Level 1.2 Summonings
 + Level 1.9 Translocations


You couldn't memorise any spells.
You knew the following spells:

 Your Spells              Type           Power        Failure   Level  Hunger
a - Magic Dart            Conj           ##..         8%          1    None
b - Blink                 Tloc           N/A          12%         2    ##.....
c - Call Imp              Summ           #.......     14%         2    ##.....
d - Repel Missiles        Chrm/Air       #.....       17%         2    ##.....
e - Conjure Flame         Conj/Fire      #.......     34%         3    ###....


Dungeon Overview and Level Annotations

Branches:
Dungeon (3/15)

Altars:
Dithmenos
Fedhas
Trog

Annotations:
D:3 Hanibal's ghost, amateur DEWz


Innate Abilities, Weirdness & Mutations

Your plain brown scales are hard (AC +5).
Your body does not fit into most forms of armour.
You are cold-blooded and may be slowed by cold attacks.


Message History

Aim: Hanibal's ghost The magic dart hits Hanibal's ghost.
Hanibal's ghost is lightly damaged.
Casting: Magic Dart
Confirm with . or Enter, or press ? or * to list all spells.
Aiming: Magic Dart
Press: ? - help, Shift-Dir - straight line, f/p - Hanibal's ghost
Aim: Hanibal's ghost (lightly damaged)
The magic dart hits Hanibal's ghost.
Hanibal's ghost is lightly damaged.
Hanibal's ghost points at you and mumbles some strange words.
The magic dart hits you!
* * * LOW HITPOINT WARNING * * *
Hanibal's ghost points at you and mumbles some strange words.
The magic dart hits you!
* * * LOW HITPOINT WARNING * * *
Hanibal's ghost says, "I am smarter than you!"
Hanibal's ghost casts a spell at you. The magic dart hits you!
You die...

#################
.........W......##
###############.@#
##.## #..# ##.#
#.## #..# ##.# #.#
#.# #########


You could see Hanibal's ghost.

Vanquished Creatures
  3 adders
  A worm (D:2)
  A giant gecko (D:2)
  2 orcs (D:3)
  3 giant cockroaches
  8 goblins
  3 hobgoblins
  2 jackals (D:1)
  A ball python (D:3)
  4 bats
  5 giant newts
  4 kobolds
  19 rats
56 creatures vanquished.

Vanquished Creatures (collateral kills)
  An adder (D:1)
  A jackal (D:1)
  A bat (D:1)
3 creatures vanquished.

Grand Total: 59 creatures vanquished

Notes
Turn   | Place    | Note
--------------------------------------------------------------
     0 | D:1      | Hedron the Draconian Wizard began the quest for the Orb.
     0 | D:1      | Reached XP level 1. HP: 14/14 MP: 4/4
   353 | D:1      | Reached XP level 2. HP: 18/20 MP: 1/6
   404 | D:1      | Learned a level 2 spell: Blink
   407 | D:1      | Learned a level 2 spell: Call Imp
   410 | D:1      | Learned a level 2 spell: Repel Missiles
  1633 | D:2      | Reached XP level 3. HP: 26/26 MP: 4/7
  1644 | D:1      | Reached skill level 1 in Charms
  1969 | D:2      | Found a bloodstained altar of Trog.
  1999 | D:2      | Found a blossoming altar of Fedhas.
  2298 | D:2      | Found a shadowy altar of Dithmenos.
  2854 | D:3      | Reached XP level 4. HP: 33/33 MP: 6/9
  2924 | D:3      | Learned a level 3 spell: Conjure Flame
  3167 | D:3      | Noticed Hanibal's ghost (amateur DEWz)
  3213 | D:3      | Killed from afar by Hanibal's ghost

Vault maps used:
D:1:      onia_arrival_larder, st_stairs_7
D:2:      lemuel_crystal_altar, lemuel_crystal_altar, first_bread,
          fedhas_altar_fruit_tree
D:3:      yredelemnul_forgotten_temple_becter, overflow_temple_1_default

Action                   |  1- 3 |  4- 6 || total
-------------------------+-------+-------++-------
Melee: Unarmed           |    18 |       ||    18
       Mace              |     1 |       ||     1
       Spear             |     5 |    10 ||    15
 Cast: Magic Dart        |   100 |    20 ||   120
       Call Imp          |     2 |     1 ||     3
       Conjure Flame     |       |     1 ||     1
  Use: Scroll            |     5 |     3 ||     8
       Potion            |       |     1 ||     1
 Stab: Sleeping          |       |     1 ||     1
  Eat: Chunk             |     5 |     2 ||     7
